[Event "Titled Tuesday Blitz January 31 Late 2023"]
[White "Mosadeghpour, Masoud"]
[Black "Bortnyk, Olexandr"]
[WhiteFideId "12519278"]
[BlackFideId "14120828"]
[WhiteElo "2472"]
[BlackElo "2605"]
[Result "0-1"]
[Round "11"]
[TimeControl "180+2"]
[Date "2023.02.01"]
[WhiteClock "0:00:03"]
[BlackClock "0:00:06"]

1. e4 Nf6 2. e5 Nd5 3. d4 d6 4. c4 Nb6 5. exd6 exd6 6. Nc3 Be7 7. Nf3 O-O 8. Bd3 Bg4 9. O-O Nc6 10. Be3 Bf6 11. h3 Bh5 12. g4 Bg6 13. b3 Qd7 14. Ne4 Be7 15. Ng3 Rae8 16. d5 Nb4 17. Bf5 Bxf5 18. Nxf5 Bf6 19. Bd4 Bxd4 20. Qxd4 f6 21. Qc3 Na6 22. Rae1 c6 23. dxc6 bxc6 24. Rd1 d5 25. cxd5 cxd5 26. Rfe1 Nc7 27. Qa5 Ne6 28. Qb4 g6 29. Ne3 Re7 30. Nxd5 Nxd5 31. Rxd5 Qxd5 32. Qxe7 Nf4 33. Qe4 Qd6 34. h4 Rd8 35. Qe7 Qxe7 36. Rxe7 Rd3 37. Re3 Rd1+ 38. Kh2 h6 39. g5 hxg5 40. hxg5 f5 41. Rc3 a5 42. Rc4 Ne6 43. Rc6 Nf4 44. Rc4 Ne6 45. Kg3 Rd3 46. Kg2 Kg7 47. Ra4 Rc3 48. Ne5 Nxg5 49. Rxa5 Rc2 50. Ra7+ Kf6 51. Nd3 Ne4 52. Ra6+ Kg7 53. Kg1 g5 54. Ne5 g4 55. Rg6+ Kh7 56. Re6 Nxf2 57. Kf1 Ne4 58. Re7+ Kh6 59. Nxg4+ Kg5 60. Ne3 Rf2+ 61. Ke1 Rxa2 62. Rg7+ Kf4 63. Ng2+ Ke5 64. Re7+ Kd4 65. Nf4 Ke3 66. Nd5+ Kf3 0-1


[Site "https://www.chess.com"]

[Event "Titled Tuesday Blitz January 31 Late 2023"]
[White "Petkov, Momchil"]
[Black "Zierk, Steven"]
[WhiteFideId "2921642"]
[BlackFideId "2034255"]
[WhiteElo "2522"]
[BlackElo "2488"]
[Result "0-1"]
[Round "11"]
[TimeControl "180+2"]
[Date "2023.02.01"]
[WhiteClock "0:00:06"]
[BlackClock "0:00:32"]

1. d4 e6 2. Nf3 f5 3. c4 Nf6 4. Nc3 Bb4 5. Qc2 c5 6. a3 Bxc3+ 7. Qxc3 b6 8. Bg5 h6 9. Bxf6 Qxf6 10. e3 Bb7 11. Be2 O-O 12. Rd1 d6 13. dxc5 Qxc3+ 14. bxc3 dxc5 15. Rd6 Kf7 16. O-O Kf6 17. Rfd1 Nc6 18. Rd7 Ba6 19. R1d6 Rad8 20. Rxd8 Nxd8 21. Rd7 Nc6 22. Rc7 Rc8 23. Rd7 Rd8 24. Rc7 Na5 25. Rxa7 Bxc4 26. Bxc4 Nxc4 27. Kf1 Rd3 28. a4 Rxc3 29. Ra8 e5 30. Rf8+ Ke6 31. Re8+ Kf7 32. Rb8 e4 33. Nh4 g6 34. a5 bxa5 35. Rb5 a4 36. Ke2 Rc2+ 37. Kd1 Rxf2 38. Rxc5 Nxe3+ 39. Kc1 g5 40. Rc7+ Ke6 41. Ng6 Rxg2 42. h4 a3 43. hxg5 a2 44. Nf4+ Kd6 45. Ra7 Rc2# 0-1


[Site "https://www.chess.com"]

[Event "Titled Tuesday Blitz January 31 Late 2023"]
[White "Kravtsiv, Martyn"]
[Black "Andreikin, Dmitry"]
[WhiteFideId "14113147"]
[BlackFideId "4158814"]
[WhiteElo "2598"]
[BlackElo "2729"]
[Result "0-1"]
[Round "11"]
[TimeControl "180+2"]
[Date "2023.02.01"]
[WhiteClock "0:00:03"]
[BlackClock "0:00:09"]

1. e4 g6 2. d4 Bg7 3. Nc3 c6 4. f4 Qb6 5. Nf3 Nh6 6. Na4 Qa5+ 7. c3 d6 8. b4 Qc7 9. Be3 O-O 10. Bd3 e5 11. dxe5 dxe5 12. fxe5 Ng4 13. Bc5 Rd8 14. Bd6 Rxd6 15. exd6 Qxd6 16. Bc4 Qe7 17. O-O Ne3 18. Qd3 Nxf1 19. Bb3 Nxh2 20. Nxh2 Nd7 21. Rf1 Ne5 22. Qd2 Be6 23. Bxe6 Qxe6 24. Nc5 Qc4 25. Nf3 Ng4 26. Nxb7 Bxc3 27. Qf4 h5 28. Nd6 Qxa2 29. e5 Rf8 30. Ng5 Bxe5 31. Qc4 Qxc4 32. Nxc4 Bd4+ 33. Kh1 Ne3 34. Rf4 Nf5 35. Nd6 Be5 0-1


[Site "https://www.chess.com"]

[Event "Titled Tuesday Blitz January 31 Late 2023"]
[White "Hansen, Eric"]
[Black "Duda, Jan-Krzysztof"]
[WhiteFideId "2606771"]
[BlackFideId "1170546"]
[WhiteElo "2609"]
[BlackElo "2724"]
[Result "0-1"]
[Round "11"]
[TimeControl "180+2"]
[Date "2023.02.01"]
[WhiteClock "0:00:02"]
[BlackClock "0:00:05"]

1. e4 c6 2. Nf3 d6 3. d4 Na6 4. c3 Nc7 5. Bd3 g6 6. O-O Bg7 7. Re1 e5 8. Na3 Bg4 9. dxe5 dxe5 10. h3 Be6 11. Ng5 Qe7 12. Nxe6 Nxe6 13. Nc4 Rd8 14. Qc2 Bh6 15. Bf1 Bxc1 16. Raxc1 Qc7 17. Qb3 Nf6 18. Qa3 a6 19. Rcd1 c5 20. Ne3 O-O 21. Nd5 Nxd5 22. exd5 Ng7 23. c4 Rfe8 24. b4 cxb4 25. Qxb4 a5 26. Qb2 b6 27. Re4 Nf5 28. Rde1 f6 29. Rc1 Kg7 30. Bd3 Qc5 31. Ree1 Nd6 32. Kh1 Re7 33. Bf1 h5 34. Rc3 h4 35. Qc1 Rc7 36. Rc2 b5 37. f4 e4 38. Qb2 bxc4 39. Rd1 Rb7 40. Qc3 Rc8 41. Qe1 c3 42. Rdc1 Qxd5 43. Ba6 Rcb8 44. Bxb7 Rxb7 45. Rxc3 Nf5 46. Rc7+ Rxc7 47. Rxc7+ Kh6 48. Qc3 Qd6 49. Rc6 Qd1+ 0-1


[Site "https://www.chess.com"]

[Event "Titled Tuesday Blitz January 31 Late 2023"]
[White "Salem, A.R. Saleh"]
[Black "Oparin, Grigoriy"]
[WhiteFideId "9301348"]
[BlackFideId "24125890"]
[WhiteElo "2677"]
[BlackElo "2667"]
[Result "1-0"]
[Round "11"]
[TimeControl "180+2"]
[Date "2023.02.01"]
[WhiteClock "0:00:09"]
[BlackClock "0:00:01"]

1. d4 Nf6 2. c4 e6 3. Nc3 Bb4 4. a3 Bxc3+ 5. bxc3 c5 6. f3 Nc6 7. e4 cxd4 8. cxd4 d5 9. cxd5 exd5 10. e5 Ng8 11. f4 Nge7 12. Be3 O-O 13. Nf3 Bf5 14. Be2 Qa5+ 15. Qd2 Qa4 16. O-O Be4 17. g4 f5 18. h3 Rac8 19. Ng5 Rfd8 20. Rfc1 Na5 21. Qb4 Qxb4 22. axb4 Nc4 23. Nxe4 fxe4 24. Bf2 Ng6 25. Bg3 a6 26. f5 Ne7 27. Bf4 Nc6 28. Bg5 Rd7 29. Rxc4 dxc4 30. Bxc4+ Kf8 31. Be6 Rcc7 32. Bxd7 Rxd7 33. e6 Rxd4 34. b5 Ne5 35. bxa6 bxa6 36. Kf2 Nf3 37. Be3 Rc4 38. Rxa6 Ke7 39. Ra7+ Kf6 40. Bf4 Ne5 41. Bxe5+ Kxe5 42. Rxg7 Kf4 43. e7 Rc2+ 44. Ke1 Rc8 45. Ke2 Rc2+ 46. Kd1 Rc8 47. f6 Ke3 48. f7 1-0


[Site "https://www.chess.com"]

[Event "Titled Tuesday Blitz January 31 Late 2023"]
[White "Fernandez Guillen, Ernesto J."]
[Black "Pranav, V"]
[WhiteFideId "3512428"]
[BlackFideId "25060783"]
[WhiteElo "2477"]
[BlackElo "2597"]
[Result "0-1"]
[Round "11"]
[TimeControl "180+2"]
[Date "2023.02.01"]
[WhiteClock "0:00:02"]
[BlackClock "0:00:22"]

1. e4 e5 2. Nf3 Nc6 3. d4 exd4 4. Bc4 Nf6 5. O-O d6 6. Nxd4 Be7 7. Nxc6 bxc6 8. Nc3 O-O 9. h3 Be6 10. Bd3 Re8 11. f4 Bf8 12. Qf3 Nd7 13. Bd2 Rb8 14. b3 Nc5 15. Rfe1 g6 16. f5 Nxd3 17. cxd3 Bd7 18. Rf1 Bg7 19. f6 Bf8 20. Rac1 Be6 21. d4 d5 22. e5 c5 23. Ne2 cxd4 24. Nxd4 c5 25. Nc6 Qb6 26. Nxb8 Rxb8 27. Kh1 d4 28. Rfd1 Qa6 29. Bf4 Qxa2 30. Ra1 Qxb3 31. Qxb3 Bxb3 32. Rdb1 c4 33. e6 Rb7 34. e7 Bxe7 35. fxe7 Rxe7 36. Bb8 d3 37. Bxa7 d2 38. Bd4 f5 39. Bc3 Rd7 40. Bxd2 Rxd2 41. Ra7 Re2 42. Rc1 h5 43. Kg1 Kf8 44. Rc7 Re7 45. Rxe7 Kxe7 46. Kf2 Kf6 47. Ke3 Ke5 48. g3 g5 49. h4 f4+ 50. gxf4+ gxf4+ 51. Kf3 Kf5 52. Rg1 Ke5 53. Rg8 c3 54. Re8+ Kd4 55. Rc8 c2 56. Ke2 f3+ 57. Kd2 Ke4 58. Rc3 f2 59. Ke2 Kd4 60. Rxc2 Bxc2 61. Kxf2 Ke5 0-1


[Site "https://www.chess.com"]

[Event "Titled Tuesday Blitz January 31 Late 2023"]
[White "Maximov, Dmitry"]
[Black "Bok, Benjamin"]
[WhiteFideId "14105659"]
[BlackFideId "1017063"]
[WhiteElo "2497"]
[BlackElo "2607"]
[Result "0-1"]
[Round "11"]
[TimeControl "180+2"]
[Date "2023.02.01"]
[WhiteClock "0:00:01"]
[BlackClock "0:00:08"]

1. e4 c5 2. Nf3 d6 3. c3 Nf6 4. Bc4 Nc6 5. d3 a6 6. Bb3 Bg4 7. h3 Bh5 8. Qe2 e6 9. Nbd2 Be7 10. Nf1 h6 11. Ng3 Bg6 12. Bf4 O-O 13. O-O Rc8 14. Rad1 b5 15. Rfe1 Re8 16. a3 Qb6 17. Ba2 a5 18. Bb1 b4 19. axb4 axb4 20. d4 bxc3 21. bxc3 cxd4 22. cxd4 Nb4 23. e5 Nfd5 24. Bd2 Nc2 25. Bxc2 Rxc2 26. exd6 Bxd6 27. Ne4 Bf4 28. Qd3 Rec8 29. Ne5 Bxe5 30. dxe5 R8c4 31. Qf3 Qd4 32. Nd6 Rxd2 33. Rxd2 Qxd2 34. Rd1 Rc1 35. Rxc1 Qxc1+ 36. Kh2 Qf4+ 37. Qxf4 Nxf4 38. g3 Nd3 39. f4 Bh7 40. Kg2 Kf8 41. Kf3 g5 42. Ke3 Nb4 43. h4 Nd5+ 44. Kf3 gxf4 45. gxf4 Bc2 46. Kg4 Bd1+ 47. Kg3 Ne3 48. Ne4 Nf5+ 49. Kh3 h5 50. Nf6 Kg7 51. Ne8+ Kg6 52. Nf6 Bf3 53. Kh2 Bd1 54. Kh3 Be2 55. Kh2 Nxh4 56. Nd7 Nf5 57. Nf8+ Kg7 58. Nd7 h4 59. Kh3 Bf1+ 60. Kh2 h3 61. Nf6 Nh6 62. Nh5+ Kg6 63. Ng3 Ng4+ 64. Kg1 Bg2 65. Ne2 Bd5 66. Ng3 h2+ 67. Kf1 h1=Q+ 0-1


[Site "https://www.chess.com"]

[Event "Titled Tuesday Blitz January 31 Late 2023"]
[White "Yoo, Christopher Woojin"]
[Black "Svane, Rasmus"]
[WhiteFideId "30909694"]
[BlackFideId "4657101"]
[WhiteElo "2607"]
[BlackElo "2623"]
[Result "0-1"]
[Round "11"]
[TimeControl "180+2"]
[Date "2023.02.01"]
[WhiteClock "0:00:09"]
[BlackClock "0:00:42"]

1. e4 c6 2. d4 d5 3. exd5 cxd5 4. c4 Nf6 5. Nc3 Nc6 6. Nf3 a6 7. Bg5 Be6 8. Be2 g6 9. Bxf6 exf6 10. O-O Bg7 11. Qb3 dxc4 12. Qxb7 Na5 13. Qb4 Bf8 14. Qa4+ Bd7 15. Qc2 Bg7 16. Qe4+ Kf8 17. Qd5 Kg8 18. Bxc4 Nxc4 19. Qxc4 Bg4 20. Rfe1 Bxf3 21. gxf3 f5 22. Nd5 Qg5+ 23. Kh1 h6 24. Rg1 Qh4 25. Rae1 Kh7 26. Re7 Rhf8 27. Nb6 Qxe7 28. Nxa8 Rxa8 29. Rc1 Rd8 30. Qxa6 Rxd4 31. a4 Rd2 32. Qf1 Qh4 33. a5 Rxf2 0-1


[Site "https://www.chess.com"]

[Event "Titled Tuesday Blitz January 31 Late 2023"]
[White "Iskusnyh, Sergei"]
[Black "Dominguez Perez, Leinier"]
[WhiteFideId "4120027"]
[BlackFideId "3503240"]
[WhiteElo "2440"]
[BlackElo "2739"]
[Result "0-1"]
[Round "11"]
[TimeControl "180+2"]
[Date "2023.02.01"]
[WhiteClock "0:00:01"]
[BlackClock "0:00:08"]

1. d4 d5 2. c4 dxc4 3. e3 Be6 4. Nf3 c6 5. Nc3 b5 6. Be2 Nf6 7. O-O g6 8. Ng5 Bd7 9. Bf3 a6 10. a4 Ra7 11. d5 Qb6 12. dxc6 Bxc6 13. axb5 axb5 14. Rxa7 Qxa7 15. Bxc6+ Nxc6 16. Nxb5 Qa5 17. Nd4 Nxd4 18. Qxd4 Bg7 19. Qxc4 O-O 20. Nf3 Qb6 21. Rd1 Qb7 22. b4 Rc8 23. Qb3 Rb8 24. h3 Ne4 25. Qc4 Bf6 26. b5 Rc8 27. Qb3 Nc3 28. Rf1 Ne2+ 29. Kh1 Nxc1 30. Qb4 Nd3 31. Qb3 Nc5 32. Qb4 Ne4 33. Kg1 Nc3 34. b6 Rb8 35. Nd4 Bxd4 36. exd4 Nd5 37. Qc5 e6 38. Rb1 Nf4 39. f3 Nd5 40. h4 h5 41. Kh2 Nxb6 42. g4 Qxf3 43. gxh5 Qxh5 0-1


[Site "https://www.chess.com"]

[Event "Titled Tuesday Blitz January 31 Late 2023"]
[White "Martinez Alcantara, Jose Eduardo"]
[Black "Bryakin, Mikhail"]
[WhiteFideId "3805662"]
[BlackFideId "4165314"]
[WhiteElo "2619"]
[BlackElo "2455"]
[Result "1-0"]
[Round "11"]
[TimeControl "180+2"]
[Date "2023.02.01"]
[WhiteClock "0:00:55"]
[BlackClock "0:01:08"]

1. e4 g6 2. d4 Bg7 3. c3 d6 4. Bd3 e5 5. Nf3 Nd7 6. O-O Ngf6 7. h3 O-O 8. Re1 c6 9. Bg5 h6 10. Bh4 Qe7 11. Nbd2 a6 12. a4 b6 13. Qb3 Bb7 14. Nc4 b5 15. Na5 Rab8 16. axb5 axb5 17. Nxb7 Rxb7 18. Ra6 Rc8 19. Qa2 g5 20. Bg3 Nh5 21. Bh2 Nf4 22. Bxf4 gxf4 23. b4 Nb6 24. Qb3 Bf6 25. Kh2 Kh8 26. d5 cxd5 27. exd5 Nc4 28. Rc6 Rg8 29. Bxc4 bxc4 30. Qxc4 Bh4 31. Qe2 f5 32. Nxe5 Qg7 33. Ng4 fxg4 34. hxg4 Qxg4 35. Qxg4 Rxg4 36. Re8+ Kh7 37. Kh3 Rbg7 38. Rcc8 Rxg2 39. Rh8+ Kg6 40. Kxg2 1-0


[Site "https://www.chess.com"]

[Event "Titled Tuesday Blitz January 31 Late 2023"]
[White "Chigaev, Maksim"]
[Black "Timmermans, Mark"]
[WhiteFideId "4108116"]
[BlackFideId "1026399"]
[WhiteElo "2628"]
[BlackElo "2392"]
[Result "1-0"]
[Round "11"]
[TimeControl "180+2"]
[Date "2023.02.01"]
[WhiteClock "0:00:25"]
[BlackClock "0:01:24"]

1. e4 e5 2. Bc4 Nf6 3. d3 c6 4. Nf3 d5 5. Bb3 Bd6 6. Nc3 d4 7. Ne2 O-O 8. h3 Be6 9. g4 a5 10. a3 a4 11. Ba2 Bxa2 12. Rxa2 c5 13. Ng3 Nfd7 14. h4 b5 15. Nf5 Ra6 16. h5 c4 17. Kf1 Nc5 18. Qe2 cxd3 19. cxd3 Nb3 20. Bg5 f6 21. Bd2 Rc6 22. Kg2 Qd7 23. Raa1 Nxa1 24. Rxa1 Na6 25. Rg1 Nc5 26. Kh1 Nb3 27. g5 fxg5 28. Rxg5 Rf7 29. Nh6+ Kh8 30. Nxf7+ Qxf7 31. Rf5 Qe8 32. Bb4 Bxb4 33. axb4 Rf6 34. Nxe5 Rxf5 35. exf5 Kg8 36. Kg2 Nc1 37. Qe4 Nxd3 38. Qd5+ Kf8 39. Nxd3 Qxh5 40. Qc5+ 1-0


[Site "https://www.chess.com"]

[Event "Titled Tuesday Blitz January 31 Late 2023"]
[White "Kamsky, Gata"]
[Black "Tan, Zhongyi"]
[WhiteFideId "2000024"]
[BlackFideId "8603642"]
[WhiteElo "2665"]
[BlackElo "2517"]
[Result "1-0"]
[Round "11"]
[TimeControl "180+2"]
[Date "2023.02.01"]
[WhiteClock "0:00:41"]
[BlackClock "0:00:13"]

1. d4 Nf6 2. Bf4 d5 3. e3 Bg4 4. Be2 Bxe2 5. Qxe2 Nbd7 6. c4 e6 7. Nf3 Bb4+ 8. Nbd2 c5 9. dxc5 Nxc5 10. O-O O-O 11. Rfd1 Qe7 12. Bg5 Rfd8 13. cxd5 exd5 14. Nd4 Bxd2 15. Bxf6 Qxf6 16. Rxd2 Rac8 17. Rad1 Ne4 18. Rc2 g6 19. Rdc1 Rxc2 20. Rxc2 a6 21. Qd3 Kg7 22. Nf3 Rd6 23. Qd4 Rc6 24. Rxc6 bxc6 25. Kf1 Qxd4 26. exd4 f6 27. Ne1 Kf7 28. Ke2 Ke6 29. Nd3 a5 30. f3 Nd6 31. Nc5+ Ke7 32. Kd3 h5 33. g3 g5 34. a4 Nc4 35. b3 Nd6 36. Kc3 h4 37. gxh4 gxh4 38. b4 axb4+ 39. Kxb4 Nf5 40. Kc3 Kd6 41. Kd3 h3 42. a5 Nh4 43. a6 Kc7 44. a7 Nxf3 45. a8=Q 1-0


[Site "https://www.chess.com"]

[Event "Titled Tuesday Blitz January 31 Late 2023"]
[White "Santos Ruiz, Miguel"]
[Black "Melkumyan, Hrant"]
[WhiteFideId "22291482"]
[BlackFideId "13302485"]
[WhiteElo "2590"]
[BlackElo "2645"]
[Result "1-0"]
[Round "11"]
[TimeControl "180+2"]
[Date "2023.02.01"]
[WhiteClock "0:00:09"]
[BlackClock "0:00:07"]

1. e4 c5 2. Nf3 Nc6 3. d4 cxd4 4. Nxd4 e5 5. Nb5 d6 6. c4 g6 7. Bd3 a6 8. N5c3 Bg7 9. O-O Nge7 10. Nd5 O-O 11. Nbc3 Be6 12. Be3 Nd4 13. Bxd4 exd4 14. Nxe7+ Qxe7 15. Nd5 Qd8 16. f4 Rc8 17. Qb3 b5 18. cxb5 axb5 19. Bxb5 Bxd5 20. exd5 Qa5 21. a4 Qd2 22. a5 Rc2 23. Qf3 d3 24. Bxd3 Rxb2 25. a6 Rb3 26. Rad1 Qc3 27. f5 Be5 28. Kh1 Ra3 29. Qg4 Kg7 30. Rf3 Ra1 31. Rxa1 Qxa1+ 32. Rf1 Qa5 33. Qc4 Rb8 34. Qc6 Qd2 35. Qc2 Qe3 36. fxg6 hxg6 37. Qc7 Qxd3 38. Rxf7+ Kh6 39. Rh7+ Kg5 40. Qe7+ Bf6 41. h4+ Kg4 42. Qe6+ Qf5 43. Qe2+ Kf4 44. Qf2+ Ke4 45. Qe2+ Kxd5 46. Qd1+ Bd4 47. a7 Ra8 48. Qb3+ Ke4 49. Re7+ Be5 50. Qc2+ Kf4 51. Rf7 Rxa7 52. Rxf5+ gxf5 53. Qf2+ Kg4 54. Qxa7 Kxh4 55. Qf7 Kg5 56. Qe6 Kf4 57. Kg1 Ke4 58. Kf1 d5 59. Ke2 d4 60. Qc6+ Kf4 61. Qf3+ Kg5 62. Kd3 Kf6 63. Kc4 Ke6 64. g4 f4 65. Kd3 1-0


[Site "https://www.chess.com"]

[Event "Titled Tuesday Blitz January 31 Late 2023"]
[White "Holt, Conrad"]
[Black "Golubka, Petro"]
[WhiteFideId "2034387"]
[BlackFideId "14114224"]
[WhiteElo "2540"]
[BlackElo "2371"]
[Result "0-1"]
[Round "11"]
[TimeControl "180+2"]
[Date "2023.02.01"]
[WhiteClock "0:00:06"]
[BlackClock "0:01:39"]

1. d4 Nf6 2. c4 g6 3. Nc3 d5 4. e3 Bg7 5. Qa4+ c6 6. cxd5 Nxd5 7. Nf3 O-O 8. Be2 Nb6 9. Qa3 a5 10. O-O Be6 11. Ng5 Bc4 12. Bxc4 Nxc4 13. Qb3 Nd6 14. a4 Na6 15. Nf3 c5 16. Nb5 c4 17. Qc3 Rc8 18. Bd2 Nb4 19. Na7 Rc7 20. Qc1 Nd3 21. Qb1 b6 22. Nb5 Nxb5 23. axb5 Qd7 24. b3 Nb4 25. Bxb4 axb4 26. bxc4 Rxc4 27. Qd3 Rfc8 28. Nd2 Rc3 29. Qe4 e5 30. Nf3 exd4 31. Nxd4 Re8 32. Qf4 Be5 33. Qh4 Rc4 34. Rad1 h5 35. Qg5 Bxd4 36. exd4 Rxd4 37. Rde1 Rxe1 38. Rxe1 Rd1 39. Qe3 b3 40. g3 b2 41. Rxd1 Qxd1+ 0-1


[Site "https://www.chess.com"]

[Event "Titled Tuesday Blitz January 31 Late 2023"]
[White "Quispe Arteaga, Gabriel"]
[Black "Jobava, Baadur"]
[WhiteFideId "32059809"]
[BlackFideId "13601520"]
[WhiteElo "2381"]
[BlackElo "2578"]
[Result "1-0"]
[Round "11"]
[TimeControl "180+2"]
[Date "2023.02.01"]
[WhiteClock "0:01:10"]
[BlackClock "0:01:34"]

1. d4 Nf6 2. Nc3 e6 3. Bg5 Bb4 4. Bxf6 Qxf6 5. Nf3 d5 6. e3 c5 7. Bb5+ Bd7 8. Bxd7+ Nxd7 9. O-O Bxc3 10. bxc3 O-O 11. Qd3 Rfc8 12. Qb5 Rc7 13. a4 Rac8 14. a5 h6 15. Rab1 Qf5 16. Rb2 Nf6 17. Nd2 cxd4 18. cxd4 Rxc2 19. Qxb7 Qd3 20. Rxc2 Rxc2 21. Nf3 Ng4 22. h3 Nxf2 23. Rxf2 Qxe3 24. Qb8+ Kh7 25. Qg3 g5 26. Nxg5+ 1-0


[Site "https://www.chess.com"]

[Event "Titled Tuesday Blitz January 31 Late 2023"]
[White "Urazayev, Arystanbek"]
[Black "Goltsev, Dmitry"]
[WhiteFideId "13709810"]
[BlackFideId "24176710"]
[WhiteElo "2460"]
[BlackElo "2269"]
[Result "0-1"]
[Round "11"]
[TimeControl "180+2"]
[Date "2023.02.01"]
[WhiteClock "0:00:22"]
[BlackClock "0:01:40"]

1. e4 e6 2. d4 d5 3. e5 c5 4. c3 Nc6 5. Nf3 Qb6 6. Bd3 cxd4 7. O-O Bd7 8. Re1 Nge7 9. h4 Nf5 10. h5 dxc3 11. Nxc3 Bc5 12. Qd2 Ncd4 13. Nxd4 Nxd4 14. Qg5 g6 15. Be3 Qxb2 16. Rac1 Bb6 17. Qf6 Rg8 18. Rb1 Qxc3 19. Rxb6 Qxe1+ 20. Kh2 axb6 21. Bxd4 Qd2 22. Be3 Qxd3 23. Bg5 Qa3 24. h6 Bc6 25. f3 Rc8 26. Qf4 f5 27. Qd4 Qc5 28. Qd2 Kf7 29. Be3 Qc4 30. Bd4 Bd7 31. Qg5 Qxd4 32. Qf6+ Ke8 0-1


[Site "https://www.chess.com"]

[Event "Titled Tuesday Blitz January 31 Late 2023"]
[White "Rakhmatullaev, Almas"]
[Black "Zhigalko, Sergei"]
[WhiteFideId "14205793"]
[BlackFideId "13502956"]
[WhiteElo "2275"]
[BlackElo "2572"]
[Result "1-0"]
[Round "11"]
[TimeControl "180+2"]
[Date "2023.02.01"]
[WhiteClock "0:00:05"]
[BlackClock "0:00:01"]

1. e4 c5 2. Nc3 Nc6 3. g3 g6 4. Bg2 Bg7 5. d3 Rb8 6. f4 b5 7. Nf3 b4 8. Ne2 e6 9. O-O Nge7 10. Kh1 O-O 11. Be3 d6 12. Rb1 a5 13. h3 Qb6 14. g4 f5 15. Ng3 Nd4 16. Nd2 Qc7 17. Ne2 Nec6 18. Nf3 Bb7 19. Ng3 a4 20. gxf5 exf5 21. exf5 Nxf5 22. Nxf5 Rxf5 23. Nh4 Rh5 24. Qg4 Ne7 25. f5 Bxg2+ 26. Kxg2 Nd5 27. Bd2 Bf6 28. fxg6 Rxh4 29. Qe6+ Kh8 30. Rxf6 Qb7 31. Kh2 Nxf6 32. Qxf6+ Qg7 33. Qxh4 Re8 34. Re1 Rxe1 35. Bxe1 Qxg6 36. Qd8+ Kg7 37. Qe7+ Kg8 38. Bg3 d5 39. Qxc5 1-0


[Site "https://www.chess.com"]

[Event "Titled Tuesday Blitz January 31 Late 2023"]
[White "Karolczuk, Iwo"]
[Black "Kazakouski, Valery"]
[WhiteFideId "21816972"]
[BlackFideId "13507443"]
[WhiteElo "2343"]
[BlackElo "2539"]
[Result "0-1"]
[Round "11"]
[TimeControl "180+2"]
[Date "2023.02.01"]
[WhiteClock "0:00:02"]
[BlackClock "0:00:25"]

1. e4 c5 2. Nc3 a6 3. g3 b5 4. Bg2 Bb7 5. d3 g6 6. f4 Bg7 7. Nf3 d6 8. g4 Nc6 9. O-O Nf6 10. h3 Nd7 11. Ne2 Nd4 12. Nexd4 cxd4 13. Bd2 a5 14. Be1 b4 15. Bf2 e5 16. f5 gxf5 17. exf5 Qb6 18. c3 O-O 19. g5 f6 20. cxd4 e4 21. Nd2 e3 22. Bxe3 Bxg2 23. Kxg2 fxg5 24. Nc4 Qb5 25. Nxd6 Qd5+ 26. Ne4 Rxf5 27. Qg4 Raf8 28. Rxf5 Rxf5 29. Bxg5 h5 30. Qxh5 Qxd4 31. Qg4 Qxb2+ 32. Kg3 Rf7 33. Re1 Ne5 34. Qc8+ Kh7 35. Qe6 Rf3+ 36. Kh4 Ng6+ 37. Kg4 Qg2+ 38. Kh5 Rxh3+ 0-1


[Site "https://www.chess.com"]

[Event "Titled Tuesday Blitz January 31 Late 2023"]
[White "Bjelobrk, Igor"]
[Black "Baskakov, Egor"]
[WhiteFideId "4300726"]
[BlackFideId "24197866"]
[WhiteElo "2403"]
[BlackElo "2215"]
[Result "1/2-1/2"]
[Round "11"]
[TimeControl "180+2"]
[Date "2023.02.01"]
[WhiteClock "0:00:31"]
[BlackClock "0:00:21"]

1. d4 Nf6 2. c4 e6 3. Nc3 d5 4. Nf3 Ne4 5. Qb3 c6 6. Bf4 Bd6 7. Bxd6 Qxd6 8. e3 f5 9. Be2 O-O 10. O-O Nd7 11. Rac1 Kh8 12. a3 Qe7 13. Qc2 g5 14. Ne1 Ndf6 15. Nd3 Bd7 16. Ne5 Be8 17. b4 Nxc3 18. Qxc3 Nd7 19. Nd3 f4 20. exf4 gxf4 21. Rfe1 Qg5 22. Bf3 Rg8 23. Ne5 Nxe5 24. Rxe5 Qf6 25. Rce1 Bf7 26. b5 Rg7 27. bxc6 bxc6 28. c5 Rag8 29. Kf1 Qh4 30. h3 Rb8 31. a4 Qe7 32. Qd2 Qf6 33. Qa5 Rbg8 34. Qc3 Rg5 35. Rxg5 Rxg5 36. Qb4 Kg7 37. a5 e5 38. dxe5 Rxe5 39. Rxe5 Qxe5 40. Kg1 d4 41. Bxc6 d3 42. Bf3 Bd5 43. Qd2 Bxf3 44. gxf3 Qe2 45. Qc3+ Kg6 46. Qc4 Qe1+ 47. Kg2 d2 48. Qd3+ Kf7 49. Qd7+ Kf6 50. Qd6+ Kg7 51. Qd7+ Kf6 52. Qd6+ Kg7 53. Qd7+ Kf6 1/2-1/2


[Site "https://www.chess.com"]

[Event "Titled Tuesday Blitz January 31 Late 2023"]
[White "Yuan, Qingyu"]
[Black "Perske, Thore"]
[WhiteFideId "8609772"]
[BlackFideId "12902195"]
[WhiteElo "2373"]
[BlackElo "2448"]
[Result "1-0"]
[Round "11"]
[TimeControl "180+2"]
[Date "2023.02.01"]
[WhiteClock "0:00:12"]
[BlackClock "0:00:01"]

1. e4 e6 2. d4 d5 3. Nd2 c5 4. Ngf3 a6 5. exd5 exd5 6. Be2 Nf6 7. O-O Be7 8. dxc5 Bxc5 9. Nb3 Bb6 10. c3 O-O 11. h3 Re8 12. Bf4 Nc6 13. Nfd4 Ne4 14. Bf3 Qf6 15. Be3 Bc7 16. Re1 Ne5 17. Bxe4 dxe4 18. Qe2 Nd3 19. Rf1 Qd6 20. f4 exf3 21. Nxf3 Nxb2 22. Rfe1 Qd3 23. Qf2 Nc4 24. Rad1 Qg6 25. Bd4 Bxh3 26. Qf1 Rxe1 27. Rxe1 Be6 28. Nc5 Bd5 29. Nd3 Rd8 30. Re7 1-0


[Site "https://www.chess.com"]

[Event "Titled Tuesday Blitz January 31 Late 2023"]
[White "Pakleza, Zbigniew"]
[Black "Krysa, Leandro"]
[WhiteFideId "1119290"]
[BlackFideId "116807"]
[WhiteElo "2494"]
[BlackElo "2541"]
[Result "1-0"]
[Round "11"]
[TimeControl "180+2"]
[Date "2023.02.01"]
[WhiteClock "0:00:39"]
[BlackClock "0:00:29"]

1. d4 d5 2. Bf4 Nf6 3. e3 e6 4. Nd2 c5 5. c3 Bd6 6. Bg3 O-O 7. Ngf3 Qc7 8. Be2 Nbd7 9. c4 cxd4 10. Nxd4 dxc4 11. Nb5 Bxg3 12. Nxc7 Bxc7 13. Bxc4 Ne5 14. Be2 Rd8 15. a3 Nd3+ 16. Bxd3 Rxd3 17. Qc2 Rd7 18. O-O b6 19. Ne4 Nd5 20. Qc6 Rb8 21. Rfd1 Re7 22. Rac1 Bb7 23. Qa4 a5 24. Nc3 h6 25. Nxd5 exd5 26. Qb5 Ba8 27. h3 g6 28. Rd2 Kg7 29. Rdc2 Be5 30. Rc8 Rxc8 31. Rxc8 Bb7 32. Re8 Ba6 33. Rxe7 1-0


[Site "https://www.chess.com"]

[Event "Titled Tuesday Blitz January 31 Late 2023"]
[White "Paichadze, Luka"]
[Black "EREBUNI91"]
[WhiteFideId "13602934"]
[WhiteElo "2515"]
[BlackElo "2685"]
[Result "1-0"]
[Round "11"]
[TimeControl "180+2"]
[Date "2023.02.01"]
[WhiteClock "0:00:21"]
[BlackClock "0:00:32"]

1. e4 c5 2. b3 d6 3. Bb2 Nf6 4. Bb5+ Bd7 5. Bxd7+ Nbxd7 6. d3 g6 7. c4 Bg7 8. Ne2 O-O 9. O-O e5 10. Nbc3 Nh5 11. Nd5 f5 12. exf5 gxf5 13. f4 Ndf6 14. Ne3 Qd7 15. fxe5 Ng4 16. Nxg4 fxg4 17. d4 cxd4 18. Qxd4 Bxe5 19. Qd5+ Rf7 20. Bxe5 dxe5 21. Qxe5 Re8 22. Qxh5 Rxe2 23. Rad1 Rxf1+ 24. Rxf1 Qd4+ 25. Kh1 Qf4 26. Qd5+ Kh8 27. Qd8+ Kg7 28. Qd7+ Kh6 29. Rd1 Qe4 30. Rd6+ Kg5 31. Qg7+ Kf4 32. Qh6+ 1-0


[Site "https://www.chess.com"]

[Event "Titled Tuesday Blitz January 31 Late 2023"]
[White "Borges Feria, Yasel"]
[Black "Oro, Faustino"]
[WhiteFideId "3504921"]
[BlackFideId "20000197"]
[WhiteElo "2439"]
[BlackElo "2269"]
[Result "1-0"]
[Round "11"]
[TimeControl "180+2"]
[Date "2023.02.01"]
[WhiteClock "0:01:10"]
[BlackClock "0:01:33"]

1. d4 Nf6 2. c4 e6 3. g3 d5 4. Nf3 Be7 5. Bg2 O-O 6. O-O dxc4 7. Qc2 a6 8. a4 Bd7 9. Qxc4 Bc6 10. Bg5 a5 11. Nc3 Na6 12. Rac1 Nb4 13. Rfd1 h6 14. Bxf6 Bxf6 15. e3 Be7 16. Qe2 Nd5 17. Nxd5 Bxd5 18. Ne5 c6 19. Qd3 Bxg2 20. Kxg2 Qb6 21. Nd7 Qb4 22. Nxf8 Rxf8 23. b3 Bd6 24. Qc3 Qb6 25. e4 Rd8 26. d5 Bb4 27. Qe3 Qxe3 28. fxe3 exd5 29. exd5 Rxd5 30. Rxd5 cxd5 31. Rc8+ Kh7 32. Rc7 b6 33. Rxf7 Bc5 34. Kf3 d4 35. exd4 Bxd4 36. Ke4 Bg1 37. h3 Kg8 38. Rf3 1-0


[Site "https://www.chess.com"]